 Dungeon Crawl Stone Soup version 0.31-a0-1074-g0b22e4e0f1 (webtiles) character file.

Game seed: 17565502761014569778

25606 javelincjr the Mimic (level 12, -21/106 HPs)
             Began as a Troll Shapeshifter on Nov 30, 2023.
             Was a High Priest of Hepliaklqana.
             Killed from afar by a spriggan druid (27 damage)
             ... with a stone arrow
             ... on level 2 of the Lair of Beasts.
             The game lasted 00:34:03 (11185 turns).

javelincjr the Mimic (Troll Shapeshifter)          Turns: 11185, Time: 00:34:04

Health: -21/106    AC:  9    Str: 29    XL:     12   Next: 91%
Magic:  0/16       EV: 14    Int:  4    God:    Hepliaklqana [*****.]
Gold:   933        SH:  0    Dex: 18    Spells: 11/11 levels left

rFire   . . .        s - melded +3 dagger (protect)
rCold   . . .        (shield currently unavailable)
rNeg    . . .        K - +0 steam dragon scales
rPois   +            T - +1 hat
rElec   +            Q - +0 cloak of the Shining One's Hope {rElec rPois rCorr Int-2}
rCorr   +            (gloves unavailable)
SInv    +            (boots unavailable)
Will    .....        t - amulet of Zifreut {Spirit Dex+3}
Stlth   +            R - +6 ring of dexterity
HPRegen 1.17/turn    F - ring of see invisible
MPRegen 0.15/turn

%: guardian spirit
@: about to teleport, flux-form, hasted, glowing, very quick
A: glow, contaminating, reduced essence, large, unfitting armour, claws 3,
regeneration 1, shaggy fur 1, tough skin 1
a: Begin Untransformation, Renounce Religion, Recall Ancestor, Ancestor
Identity, Transference, Idealise


You were on level 2 of the Lair of Beasts.
You worshipped Hepliaklqana.
Hepliaklqana was extremely pleased with you.
You were something dangerously unstable.
You visited 2 branches of the dungeon, and saw 13 of its levels.

You collected 933 gold pieces.

Inventory:

Hand Weapons
 p - a +3 spectral giant spiked club
 s - a +3 dagger of protection (melded)
 w - a +2 trident of protection
 H - a +3 scimitar of flaming
Missiles
 e - 2 throwing nets
 i - 6 silver javelins
Armour
 o - a +2 robe
 K - +0 steam dragon scales (worn)
 Q - the +0 cloak of the Shining One's Hope (worn) {rElec rPois rCorr Int-2}
   (You found it on level 10 of the Dungeon)

   Int-2:     It affects your intelligence (-2).
   rElec:     It insulates you from electricity.
   rPois:     It protects you from poison rCorr: It protects you from acid and
   corrosion.
 T - a +1 hat (worn)
 W - the +1 kite shield of the Equator {rC+ rN+ rCorr}
   (You found it on level 11 of the Dungeon)

   rC+:       It protects you from cold.
   rN+:       It protects you from negative energy.
   rCorr:     It protects you from acid and corrosion.
Jewellery
 h - a ring of poison resistance
 j - a ring of willpower
 k - an amulet of the acrobat
 r - a ring of positive energy
 t - the amulet of Zifreut (around neck) {Spirit Dex+3}
   (You found it on level 4 of the Dungeon)

   [amulet of guardian spirit]

   Spirit:    It causes incoming damage to be divided between your reserves of
   health and magic.
   Dex+3:     It affects your dexterity (+3).
 y - a ring of positive energy
 F - a ring of see invisible (right claw)
 R - a +6 ring of dexterity (left claw)
Talismans
 c - a beast talisman
 d - a flux talisman (active)
Wands
 a - a wand of paralysis (9)
 u - a wand of digging (3)
 x - a wand of polymorph (13)
 E - a wand of mindburst (24)
 G - a wand of flame (12)
 I - a wand of roots (19)
Scrolls
 g - 2 scrolls of teleportation
 l - 2 scrolls of immolation
 m - 3 scrolls of fog {unknown}
 z - 2 scrolls of poison {unknown}
 A - a scroll of noise {unknown}
 B - a scroll of vulnerability {unknown}
 C - a scroll of torment {unknown}
 D - 5 scrolls of revelation
 J - a scroll of silence {unknown}
 P - a scroll of brand weapon {unknown}
 V - a scroll of fear {unknown}
 X - 2 scrolls of enchant weapon
 Y - a scroll of amnesia
Potions
 b - 2 potions of lignification
 f - a potion of brilliance
 n - 3 potions of mutation
 q - a potion of haste
 v - a potion of enlightenment
 L - 2 potions of attraction
 N - a potion of cancellation {unknown}
 O - 3 potions of curing
 S - a potion of might {unknown}
 U - a potion of invisibility {unknown}
 Z - a potion of degeneration {unknown}


   Skills:
 + Level 7.6 Fighting
 + Level 7.7 Dodging
 + Level 3.1 Stealth
 + Level 9.3 Unarmed Combat
 + Level 7.7 Invocations
 * Level 11.9 Shapeshifting


You had 11 spell levels left.
You didn't know any spells.
Your spell library contained the following spells:

 Spells                   Type           Power      Damage    Failure   Level
 Lesser Beckoning         Tloc           0%         N/A       65%         2
 Gell's Gravitas          Tloc           0%         N/A       86%         3
 Teleport Other           Tloc           0%         N/A       86%         3


Dungeon Overview and Level Annotations

Branches:
Dungeon (11/15)            Temple (0/1) D:7            Lair (2/5) D:11
  Swamp: Lair:2-3    Shoals: Lair:2-3     Snake: Lair:2-3    Spider: Lair:2-3
    Orc: D:9-12

Altars:
Hepliaklqana
Wu Jian

Portals:
Trove: D:11 (give +4 demon trident)


Innate Abilities, Weirdness & Mutations

You are something dangerously unstable.
You glow with magical radiation, making you easy to see and hit.
Foes you strike become dangerously contaminated with magical radiation.
You are incapable of wielding weapons or throwing items.
Your life essence is reduced to manifest your ancestor. (-10% HP)
You are too large for most types of armour.
You have claws for hands.
Your natural rate of healing is unusually fast.
You are covered in fur. (AC +1)
You have tough skin. (AC +1)


Message History

Press: ? - help, Q - select action, (/) - cycle Shift-Dir - straight line, f - spriggan druid
Aim: a spriggan druid, wielding a +0 quarterstaff and wearing a +0 robe (39% to hit)
The puff of flame hits the spriggan druid.
The spriggan druid is lightly wounded.
The spriggan druid hits you with a +0 quarterstaff!
* * * LOW HITPOINT WARNING * * *
You barely miss the spriggan druid.
The spriggan druid is lightly wounded.
You closely miss the spriggan druid.
The spriggan druid is lightly wounded.
The spriggan druid misses you.
The spriggan druid hits you but does no damage.
You closely miss the spriggan druid.
The spriggan druid is lightly wounded.
The spriggan druid misses you.
The spriggan druid hits you with a +0 quarterstaff!
* * * LOW HITPOINT WARNING * * *
As you read the scroll of teleportation, it crumbles to dust.
You feel strangely unstable.
The spriggan druid closely misses you. x2
You feel better. The cane toad misses you.
The spriggan druid hits you with a +0 quarterstaff.
* * * LOW HITPOINT WARNING * * *
The spriggan druid misses you. The cane toad stings you!!
* * * LOW HITPOINT WARNING * * *
Your surroundings seem slightly different.
Aiming: Paralyse
Press: ? - help, Q - select action, (/) - cycle Shift-Dir - straight line, p - spriggan druid
Okay, then.
You feel yourself speed up.
Found 20 gold pieces.
The spriggan druid attacks as it pursues you!
The spriggan druid hits you with a +0 quarterstaff!
* * * LOW HITPOINT WARNING * * *
You claw the spriggan druid!
The spriggan druid begins to glow.
The spriggan druid is lightly wounded.
As you read the scroll of teleportation, it crumbles to dust.
You feel strangely unstable.
The spriggan druid points at you and mumbles some strange words.
The stone arrow hits you!!
You die...

### ## ####.# ### ##
#P.##....###i##.##.#
###.####
...........ip.......
........
........F#.###.....$
........ .........###
#.... +#......
........## ...
....#... ##.##....## .
.#....#. .# . #...#.#
...#.... ..# #.....###
.#...... ...#
##.F.P...# .#......
...#####.............#
#.......


You could see 2 spriggan druids and a cane toad.

Vanquished Creatures
  Erolcha (D:11)
  Erica (D:8)
  A two-headed ogre (D:11)
  A cyclops (D:11)
  Maurice (D:8)
  A black mamba (Lair:2)
  A manticore (D:11)
  An elephant (D:11)
  6 centaur zombies (D:11)
  5 cane toads
  An unseen horror (D:11)
  3 komodo dragons
  A troll (D:9)
  Grinder (D:5)
  2 blink frogs (Lair:1)
  6 shadows
  A vampire (D:11)
  17 yaks
  Eustachio (D:5)
  3 steam dragons
  2 wraiths (D:11)
  Menkaure (D:5)
  8 vampire mosquitoes
  7 water moccasins
  2 ice beasts
  2 orc warriors (D:8)
  A sky beast (D:6)
  5 black bears
  An ogre (D:5)
  2 wolves (Lair:2)
  A centaur (D:9)
  8 bullfrogs
  2 gnoll sergeants
  A scorpion (D:11)
  4 wights (D:10)
  7 killer bees
  3 howler monkeys
  3 orc priests
  2 iguanas
  Jessica (D:2)
  A boggart zombie (D:11)
  Natasha (thrice) (D:2)
  An orc wizard (D:4)
  2 howler monkey zombies (D:11)
  Robin (D:3)
  12 gnolls
  4 adders
  A white imp (D:7)
  2 ufetubi (D:5)
  A dart slug (D:2)
  22 orcs
  4 bats
  7 endoplasms
  5 giant cockroaches
  16 goblins
  7 hobgoblins
  6 jackals
  5 quokkas
  9 ball pythons
  5 frilled lizards
  6 kobolds
  13 rats
251 creatures vanquished.

Vanquished Creatures (collateral kills)
  Pikel (D:4)
  5 centaur zombies (D:11)
  Joseph (D:8)
  A cane toad (Lair:1)
  An unseen horror (D:11)
  A komodo dragon (Lair:1)
  Prince Ribbit (D:5)
  2 blink frogs (Lair:1)
  A hornet (D:9)
  3 shadows (D:11)
  A wyvern (D:9)
  6 yaks
  A wraith (D:11)
  2 steam dragons
  An acid dragon (D:8)
  3 water moccasins
  A sky beast (D:7)
  2 wolves (Lair:2)
  A lemure (D:4)
  5 bullfrogs
  2 scorpions
  3 killer bees
  3 orc priests
  4 hounds
  A gnoll bouda (D:6)
  4 iguanas
  2 orc wizards
  9 gnolls
  2 white imps
  A worm (D:5)
  8 orcs
  A goblin (D:4)
80 creatures vanquished.

Vanquished Creatures (others)
  4 battlemagi
  An ancestor (D:4)
5 creatures vanquished.

Grand Total: 336 creatures vanquished

Notes
Turn   | Place    | Note
-------+----------+-------------------------------------------
     0 | D:1      | javelincjr the Troll Shapeshifter began the quest for the
                  | Orb.
     0 | D:1      | Reached XP level 1. HP: 18/18 MP: 0/0
   114 | D:1      | Reached skill level 1 in Fighting
   114 | D:1      | Reached XP level 2. HP: 14/27 MP: 1/1
   413 | D:1      | Reached XP level 3. HP: 33/33 MP: 2/2
   987 | D:2      | Found a faded altar of an unknown god.
  1068 | D:2      | Found a hazy altar of Hepliaklqana.
  1076 | D:2      | Became a worshipper of Hepliaklqana the Forgotten
  1120 | D:2      | Noticed Natasha
  1129 | D:2      | Killed Natasha
  1130 | D:2      | Reached XP level 4. HP: 38/41 MP: 3/3
  1223 | D:2      | Noticed Natasha
  1229 | D:2      | Killed Natasha
  1283 | D:2      | Noticed Jessica
  1294 | D:2      | Killed Jessica
  1295 | D:2      | Reached skill level 4 in Shapeshifting
  1310 | D:2      | Noticed Natasha
  1312 | D:2      | Reached XP level 5. HP: 47/49 MP: 4/4
  1316 | D:2      | Killed Natasha
  1756 | D:3      | Noticed Robin
  1757 | D:3      | Reached skill level 1 in Invocations
  1770 | D:3      | Killed Robin
  1914 | D:3      | Reached * piety under Hepliaklqana
  2112 | D:4      | Reached XP level 6. HP: 48/51 MP: 5/5
  2511 | D:4      | Identified the amulet of Zifreut {Spirit Dex+3}
  3003 | D:4      | Reached ** piety under Hepliaklqana
  3004 | D:4      | Remembered your ancestor Publius as a battlemage
  3088 | D:4      | Noticed Pikel
  3098 | D:4      | Killed Pikel
  3099 | D:4      | Reached skill level 5 in Shapeshifting
  3099 | D:4      | Reached XP level 7. HP: 60/60 MP: 7/7
  3381 | D:5      | Entered Level 5 of the Dungeon
  3404 | D:5      | Reached XP level 8. HP: 65/67 MP: 4/9
  3544 | D:5      | Reached skill level 6 in Shapeshifting
  3546 | D:5      | Noticed Eustachio
  3551 | D:5      | Killed Eustachio
  3552 | D:5      | Reached skill level 5 in Unarmed Combat
  3615 | D:5      | Noticed Grinder
  3631 | D:5      | Paralysed by Grinder for 3 turns
  3636 | D:5      | Killed Grinder
  3786 | D:5      | Noticed Menkaure
  3790 | D:5      | Killed Menkaure
  4037 | D:5      | Noticed Prince Ribbit
  4042 | D:5      | Killed Prince Ribbit
  4043 | D:5      | Reached skill level 7 in Shapeshifting
  4043 | D:5      | Reached XP level 9. HP: 75/75 MP: 10/10
  4312 | D:6      | Found an ornate altar of the Wu Jian Council.
  4760 | D:6      | Reached *** piety under Hepliaklqana
  4917 | D:7      | Found a staircase to the Ecumenical Temple.
  5859 | D:8      | Reached skill level 8 in Shapeshifting
  5861 | D:8      | Reached skill level 5 in Dodging
  5913 | D:8      | Noticed Joseph
  5927 | D:8      | HP: 3/78 [constriction (5)]
  5930 | D:8      | Killed Joseph
  5931 | D:8      | Reached skill level 5 in Fighting
  5978 | D:8      | Noticed Erica
  5987 | D:8      | Killed Erica
  5988 | D:8      | Reached skill level 5 in Invocations
  5988 | D:8      | Reached XP level 10. HP: 77/86 MP: 7/12
  6541 | D:8      | Noticed Maurice
  6546 | D:8      | Something stole a flux talisman
  6547 | D:8      | Maurice stole 6 silver javelins
  6548 | D:8      | Maurice stole a ring of positive energy
  6549 | D:8      | Killed Maurice
  6708 | D:8      | Reached skill level 9 in Shapeshifting
  6776 | D:9      | Paralysed by a hornet for 3 turns
  6907 | D:9      | Reached **** piety under Hepliaklqana
  7342 | D:9      | Reached XP level 11. HP: 62/94 MP: 9/14
  7783 | D:10     | Entered Level 10 of the Dungeon
  7923 | D:10     | Identified the +0 cloak of the Shining One's Hope {rElec
                  | rPois rCorr Int-2}
  8357 | D:10     | Reached skill level 10 in Shapeshifting
  8364 | D:10     | Reached skill level 1 in Stealth
  8658 | D:11     | Found a staircase to the Lair.
  8670 | D:11     | Identified the +1 kite shield of the Equator {rC+ rN+
                  | rCorr}
  8700 | D:11     | Noticed a two-headed ogre
  8707 | D:11     | Killed a two-headed ogre
  8973 | D:11     | Found a portal to a secret trove of treasure.
  9196 | D:11     | Reached XP level 12. HP: 79/103 MP: 10/16
  9261 | D:11     | Noticed Erolcha
  9276 | D:11     | Reached skill level 11 in Shapeshifting
  9287 | D:11     | Killed Erolcha
  9713 | Lair:1   | Entered Level 1 of the Lair of Beasts
 10567 | Lair:2   | Reached ***** piety under Hepliaklqana
 11183 | Lair:2   | HP: 4/106 [spriggan druid/+0 quarterstaff (14)]
 11185 | Lair:2   | Killed from afar by a spriggan druid

Illustrated notes

Levels and vault maps discovered:
D:1:      evilmike_arrival_rings, layout_basic, minmay_rat_gold_closets
D:2:      layout_loops_ring, basic_altar,
          hellmonk_ecumenical_altar_slurped_away, uniq_natasha, uniq_jessica
D:3:      layout_rooms, uniq_robin
D:4:      layout_basic, uniq_pikel
D:5:      layout_basic, minmay_statues_item, nicolae_underground_beach,
          uniq_prince_ribbit1, uniq_menkaure, uniq_grinder, uniq_eustachio
D:6:      layout_gridville, nicolae_wu_jian_wuxing_cycle
D:7:      layout_loops_ring, minmay_temple_entry_stoned_glass, serial_rivers,
          chequers_serial_rivers_large_b, chequers_serial_rivers_small_b,
          chequers_serial_rivers_small_a, chequers_serial_rivers_room_b
D:8:      layout_basic, uniq_erica, uniq_joseph, uniq_maurice
D:9:      layout_basic, minmay_misc_feat_four_crosses
D:10:     layout_roguey, pond
D:11:     layout_loops_ring, grunt_lair_entry_orc_guard_hut, serial_undead,
          serial_undead_b, serial_undead_d, serial_undead_c, serial_undead_a,
          serial_undead_d, serial_undead_d, serial_undead_b, serial_undead_e,
          serial_undead_e, serial_undead_b, nicolae_trove_entry_crystal,
          minmay_strange_pillars, uniq_erolcha
Lair:1:   layout_chaotic_city, grunt_megastairs_2, lemuel_fruit_tree
Lair:2:   layout_chaotic_city, mainiacjoe_swamp_entry_angry_trees,
          infiniplex_staircase_pool, grunt_megastairs_4

Skill      XL: |  1  2  3  4  5  6  7  8  9 10 11 12 |
---------------+-------------------------------------+-----
Fighting       | 1 2 3 4 5 6 7 |  7.6
Dodging        | 2 3 4 5 6 7 |  7.7
Shapeshifting  | 4 5 7 8 9 10 11 | 11.9
Invocations    | 1 2 3 5 6 7 |  7.7
Unarmed Combat | 4 5 6 7 8 9 |  9.3
Stealth        | 2 3 |  3.1

Action                     |  1- 3 |  4- 6 |  7- 9 | 10-12 || total
---------------------------+-------+-------+-------+-------++-------
  Melee: Unarmed           |    91 |    82 |    95 |   466 ||   734
         Dagger            |       |   157 |    52 |       ||   209
         Punch             |       |     3 |     1 |       ||     4
 Invoke: Ancestor Life: Ba |       |     1 |       |       ||     1
  Evoke: Wand              |       |       |     1 |     4 ||     5
    Use: Scroll            |       |     7 |     2 |     7 ||    16
         Potion            |       |       |       |     3 ||     3
   Stab: Sleeping          |     3 |     2 |       |       ||     5
         Distracted        |       |     1 |     4 |     7 ||    12
 Armour: Animal skin       |    39 |     5 |       |       ||    44
         Robe              |       |   159 |   110 |    11 ||   280
         Steam dragon scal |       |       |       |   370 ||   370
  Dodge: Dodged            |    41 |   147 |    76 |   320 ||   584
   Form: Flux              |       |       |     1 |       ||     1

Table legend: (Time is in decaauts)
 A = Elapsed time spent in this place.
 B = Non-inter-level travel time spent in this place.
 C = Inter-level travel time spent in this place.
 D = Time resting spent in this place.
 E = Time spent auto-exploring this place.
 F = Levels seen in this place.
 G = Mean time per level.
                   A        B        C        D        E       F      G
               +--------+--------+--------+--------+--------+-----+--------+
         Total |  11092 |  10770 |    322 |    148 |   8578 |  13 |  853.2 |
       Dungeon |   9640 |   9339 |    301 |    148 |   7382 |  11 |  876.4 |
          Lair |   1452 |   1431 |     21 |      0 |   1196 |   2 |  726.0 |
               +--------+--------+--------+--------+--------+-----+--------+

Top non-repeatable levels by time:
     D:4: 1283 daAuts
    D:11: 1212 daAuts
     D:9: 1026 daAuts
     D:8: 956 daAuts
     D:1: 946 daAuts
     D:7: 887 daAuts
  Lair:1: 846 daAuts
     D:5: 768 daAuts
     D:6: 738 daAuts
     D:2: 713 daAuts
    D:10: 683 daAuts
  Lair:2: 605 daAuts
     D:3: 424 daAuts
